 Dungeon Crawl Stone Soup version 0.31-a0-940-gdaa99269f9 (webtiles) character file.

Game seed: 5052738108767865965

115270 fozzywoppz the Bludgeoner (level 16, -4/108 HPs)
             Began as a Gargoyle Fighter on Oct 16, 2023.
             Was the Champion of Okawaru.
             Incinerated by a sun moth (6 damage)
             ... on level 2 of the Spider Nest on Oct 20, 2023.
             The game lasted 01:08:46 (24526 turns).

fozzywoppz the Bludgeoner (Gargoyle Fighter)       Turns: 24526, Time: 01:08:47

Health: -4/108     AC: 26    Str: 26    XL:     16   Next: 68%
Magic:  25/25      EV: 20    Int: 11    God:    Okawaru [******]
Gold:   2428       SH: 14    Dex: 19    Spells: 15/15 levels left

rFire   . . .        I - +5 eveningstar (freeze)
rCold   . . .        c - +3 buckler
rNeg    + . .        n - +0 leather armour of Xeaceol {rElec Int+2 Dex+3 Slay+2}
rPois   ∞            v - +1 hat {Will+}
rElec   +            (no cloak)
rCorr   .            Y - +2 pair of gloves {Stlth+}
SInv    .            D - +0 pair of boots
Will    ++...        m - amulet of reflection
Stlth   ++           q - ring "Rezxoyh" {AC+4 Dex+5}
HPRegen 0.38/turn    V - +5 ring of evasion
MPRegen 0.19/turn

%: reflection
@: on fire, marked, flying, slowed, glowing, very slow
A: sickness immunity, AC +12, big wings, negative energy resistance 1,
electricity resistance, torment resistance 1, petrification resistance
a: Renounce Religion, Heroism, Finesse, Duel, Receive Armour


You were on level 2 of the Spider Nest.
You worshipped Okawaru.
Okawaru was exalted by your worship.
You visited 5 branches of the dungeon, and saw 24 of its levels.
You also visited: Sewer, Gauntlet and Volcano.

You collected 3002 gold pieces.
You spent 574 gold pieces at shops.

Inventory:

Hand Weapons
 s - a +2 flail of holy wrath
 I - a +5 eveningstar of freezing (weapon)
Missiles
 E - 8 curare-tipped darts
 H - 10 silver javelins (quivered)
 T - 30 boomerangs
 Z - 6 javelins
Armour
 c - a +3 buckler (worn)
 n - the +0 leather armour of Xeaceol (worn) {rElec Int+2 Dex+3 Slay+2}
   (You found it on level 2 of the Dungeon)

   Int+2:     It affects your intelligence (+2).
   Dex+3:     It affects your dexterity (+3).
   Slay+2:    It affects your accuracy & damage with ranged weapons and melee
   (+2).
   rElec:     It insulates you from electricity.
 v - a +1 hat of willpower (worn)
 A - +0 acid dragon scales
 D - a +0 pair of boots (worn)
 S - a +1 plate armour of poison resistance
 Y - a +2 pair of gloves of stealth (worn)
Jewellery
 m - an amulet of reflection (around neck)
 q - the ring "Rezxoyh" (left hand) {AC+4 Dex+5}
   (You found it on level 3 of the Dungeon)

   [ring of protection]

   AC+4:      It affects your AC (+4).
   Dex+5:     It affects your dexterity (+5).
 V - a +5 ring of evasion (right hand)
 W - the ring "Peppaw" {Drain AC+4 Int+4 Dex+2}
   (You found it in a Gauntlet)

   [ring of protection]

   AC+4:      It affects your AC (+4).
   Int+4:     It affects your intelligence (+4).
   Dex+2:     It affects your dexterity (+2).
   Drain:     It drains your maximum health when unequipped.
 X - the ring "Isaz" {rElec Dex+6}
   (You found it in a Gauntlet)

   [ring of dexterity]

   Dex+6:     It affects your dexterity (+6).
   rElec:     It insulates you from electricity.
Talismans
 w - a blade talisman
 B - a flux talisman
Wands
 a - a wand of mindburst (10)
 i - a wand of roots (32)
 C - a wand of light (4)
 L - a wand of digging (5)
 P - a wand of flame (28)
Scrolls
 e - 2 scrolls of revelation
 f - a scroll of summoning
 g - 10 scrolls of identify
 o - 2 scrolls of enchant armour
 t - a scroll of silence
 u - 11 scrolls of teleportation
 y - a scroll of fog
 z - a scroll of blinking
 G - a scroll of brand weapon
 O - a scroll of immolation
 R - a scroll of torment
Potions
 b - 8 potions of curing
 d - 2 potions of might
 h - 3 potions of invisibility
 j - 3 potions of cancellation
 l - 8 potions of haste
 p - 2 potions of resistance
 r - 6 potions of attraction
 F - 4 potions of heal wounds
 K - 3 potions of mutation
 M - 2 potions of berserk rage
 N - 4 potions of magic
 Q - 3 potions of brilliance
 U - a potion of ambrosia


   Skills:
 + Level 15.2 Fighting
 - Level 16.0 Maces & Flails
 + Level 9.1 Throwing
 - Level 13.0 Armour
 - Level 6.0 Dodging
 + Level 8.1 Stealth
 - Level 5.0 Shields
 - Level 12.0 Invocations
 + Level 1.8 Evocations


You had 15 spell levels left.
You didn't know any spells.
Your spell library contained the following spells:

 Spells                   Type           Power      Damage    Failure   Level
 Blink                    Tloc           0%         N/A       56%         2
 Ensorcelled Hibernation  Hex/Ice        0%         N/A       56%         2
 Passwall                 Tmut/Erth      0%         N/A       56%         2
 Poisonous Vapours        Pois/Air       0%         N/A       56%         2
 Wereblood                Tmut           0%         N/A       56%         2
 Frozen Ramparts          Ice            0%         1d1       80%         3
 Inner Flame              Hex/Fire       0%         N/A       80%         3
 Mephitic Cloud           Conj/Pois/Air  0%         N/A       80%         3
 Ozocubu's Armour         Ice            0%         N/A       80%         3
 Sigil of Binding         Hex            0%         N/A       80%         3
 Swiftness                Air            0%         N/A       80%         3
 Volatile Blastmotes      Fire/Tloc      0%         2d10      80%         3
 Cause Fear               Hex            0%         N/A       99%         4
 Dimensional Bullseye     Hex/Tloc       0%         N/A       99%         4
 Dispel Undead            Necr           0%         3d6       99%         4
 Flame Wave               Conj/Fire      0%         2d4       99%         4
 Fulminant Prism          Conj/Hex       0%         3d5       99%         4
 Iskenderun's Mystic Bla  Conj/Tloc      0%         2d3       99%         4
 Leda's Liquefaction      Hex/Erth       0%         N/A       99%         4
 Manifold Assault         Tloc           0%         N/A       99%         4
 Petrify                  Tmut/Erth      0%         N/A       99%         4
 Sticky Flame             Conj/Fire      0%         2d3       99%         4
 Alistair's Intoxication  Tmut/Pois      0%         N/A       100%        5
 Borgnjor's Vile Clutch   Necr/Erth      0%         N/A       100%        5
 Fireball                 Conj/Fire      0%         3d3       100%        5
 Freezing Cloud           Conj/Ice/Air   0%         6-21      100%        5
 Irradiate                Conj/Tmut      0%         3d11      100%        5
 Metabolic Englaciation   Hex/Ice        0%         N/A       100%        5
 Eringya's Noxious Bog    Tmut/Pois      0%         4d6       100%        6
 Cigotuvi's Dreadful Rot  Necr/Pois/Air  Unusable   N/A       N/A         2
 Call Canine Familiar     Summ           Unusable   N/A       N/A         3
 Death Channel            Necr           Unusable   N/A       N/A         6
 Simulacrum               Ice/Necr       Unusable   N/A       N/A         6
 Dragon's Call            Summ           Unusable   N/A       N/A         9

Dungeon Overview and Level Annotations

Branches:
Dungeon (13/15)            Temple (1/1) D:4            Lair (5/5) D:8
 Shoals (0/4) Lair:3       Spider (3/4) Lair:2        Slime (0/5) Lair:4
    Orc (2/2) D:12            Elf (0/3) Orc:2        Vaults (0/5) D:13
  Sewer (visited)         Volcano (visited)         Gauntlet (visited)

Altars:
Ashenzari
Cheibriados
Dithmenos
Elyvilon
Fedhas
Gozag
Hepliaklqana
Kikubaaqudgha
Makhleb
Nemelex Xobeh
Okawaru
Qazlal
Ru
Sif Muna
Trog
Uskayaw
Vehumet
Wu Jian
Xom
Yredelemnul
Zin
The Shining One
Jiyva

Shops:
D:7 (   D:13 *   Orc:1 (   Orc:2 (:*

Annotations:
D:4 2 transporters, Fodor's ghost, amateur MiFi
Temple 4 transporters


Innate Abilities, Weirdness & Mutations

You are immune to sickness and miasma.
Your stone body is resilient. (AC +12)
You are immune to poison.
Your large and strong wings let you fly.
You resist negative energy. (rN+)
You are resistant to electric shocks. (rElec)
You are resistant to unholy torment.
You are immune to petrification.


Message History

The torpor snail bites you.
As you read the scroll of fear, it crumbles to dust.
You assume a fearsome visage.
The redback looks frightened!
The demonic crawler looks frightened!
The sun moth resists with some effort.
The wolf spider looks frightened!
The culicivora looks frightened!
The pharaoh ant is unaffected.
The tarantella looks frightened!
The torpor snail looks frightened!
The redback looks frightened!
The culicivora looks frightened!
The jumping spider looks frightened!
The wolf spider looks frightened!
The jumping spider looks frightened!
The tarantella looks frightened!
The spark wasp looks frightened!
The jumping spider leaps!
The pharaoh ant misses you.
The jumping spider leaps!
You block the pharaoh ant's attack.
An emperor scorpion comes into view.
A redback comes into view.
Unknown command.
The pharaoh ant attacks as it pursues you!
You block the pharaoh ant's attack. The pharaoh ant completely misses you.
A wolf spider comes into view.
You block the pharaoh ant's attack.
There is a stone staircase leading up here.
Things that are here:
a radroach corpse; a redback corpse Cornered, the redback turns to fight!
The wolf spider hits you but does no damage.
The wolf spider closely misses you. The sun moth throws energy at you.
The bolt of energy hits you!
* * * LOW HITPOINT WARNING * * *
The jumping spider leaps!
The pharaoh ant bites you but does no damage.
The wolf spider hits you!
* * * LOW HITPOINT WARNING * * *
The wolf spider bites you but does no damage.
The sun moth bites you!
* * * LOW HITPOINT WARNING * * *
You are covered in liquid flames.
You are covered in liquid flames!
The pharaoh ant bites you but does no damage.
You fly upwards.
You are covered in liquid flames!
You die...

#...##....#..###.####
#...#..#..#..#...#..#
...#...##.#[.".#...##
##....##.....>......##
.#...##.#..###..##...#
.##..#..#...#....###.#
.#...#.#.#.##.####.^##
.###.......####yBs..#
...#.........###@...###
...#..#######.#..#.##.#
.#.#..##..##.....#....#
...#...........#......##
.#...#..#...##..#...#..#
......####...#.##...####
...##...^#.#...###.##
.#..#...####.#..#|.##
.########.<...###.#.#


You could see a sun moth, a wolf spider and a pharaoh ant.

Vanquished Creatures
  Arachne (Spider:2)
  An orc warlord (Orc:2)
  A broodmother (Spider:2)
  Nessos (Orc:2)
  A minotaur (Gauntlet)
  The ghost of Pattuawu the Fighter, a journeyman OpSh of Gozag (Lair:2)
  3 radroaches
  A hell beast (Gauntlet)
  A jorogumo (Spider:1)
  3 hydras
  A centaur warrior (D:11)
  2 catoblepae (Lair:2)
  4 boulder beetles
  3 two-headed ogres
  The ghost of ShaperDreaming the Fighter, a novice DjFE of Fedhas (D:8)
  11 death yaks
  4 orc high priests (Orc:2)
  7 demonic crawlers
  A thrashing horror (Gauntlet)
  Sonja (Lair:1)
  A skyshark (Lair:4)
  A fire crab (Lair:5)
  3 skeletal warriors (D:13)
  A pharaoh ant (Spider:2)
  A sun moth (Spider:2)
  A lindwurm (Orc:2)
  A deep elf archer (Volcano)
  2 orc sorcerers (Orc:2)
  4 orc knights (Orc:2)
  8 wolf spiders
  9 deep elf pyromancers
  A moth of wrath (D:8)
  6 cyclopes
  3 manticores
  27 elephants
  6 black mambas
  A gargoyle (D:12)
  13 cane toads
  An unseen horror (D:10)
  2 torpor snails
  3 kobold demonologists (D:10)
  2 rime drakes (Lair:3)
  12 komodo dragons
  A yaktaur (D:11)
  Grinder (D:3)
  7 polar bears
  8 trolls
  6 hornets (Lair:5)
  22 blink frogs
  6 tarantellas
  A snapping turtle (Lair:3)
  9 slime creatures
  5 culicivoras
  2 small abominations (Gauntlet)
  9 jumping spiders
  A water elemental (Lair:3)
  12 spriggans (Lair:5)
  6 wyverns
  2 shadows
  A vampire (D:9)
  2 wraiths
  5 basilisks
  61 yaks
  2 steam dragons
  Grum (Lair:1)
  5 fire elementals (Volcano)
  18 redbacks
  2 vampire mosquitoes (D:11)
  Edmund (D:4)
  9 wargs
  3 acid dragons
  Menkaure (D:6)
  8 hell hounds
  18 water moccasins
  4 ice beasts
  A sky beast (D:7)
  6 black bears
  30 orc warriors
  8 ogres
  5 boggarts (Lair:5)
  34 wolves
  3 centaurs
  3 phantoms
  Blork the orc (D:5)
  5 kobold brigands
  16 bullfrogs
  2 gnoll sergeants
  A scorpion (D:5)
  20 killer bees
  4 howler monkeys
  2 electric eels
  3 lava snakes (D:9)
  14 orc priests
  12 hounds
  A gnoll bouda (D:7)
  Natasha (twice) (D:3)
  6 iguanas
  18 orc wizards
  14 gnolls
  10 adders
  3 river rats
  2 shadow imps
  3 white imps
  2 ufetubi (D:5)
  A worm (D:2)
  3 dart slugs
  62 orcs
  6 endoplasms
  7 giant cockroaches
  5 goblins
  7 hobgoblins
  8 jackals
  16 kobolds
  2 quokkas
  9 ball pythons
  2 bats
  3 frilled lizards
  6 rats
765 creatures vanquished.

Vanquished Creatures (others)
  An orc wizard (D:10)
1 creature vanquished.

Grand Total: 766 creatures vanquished

Notes
Turn   | Place    | Note
-------+----------+-------------------------------------------
     0 | D:1      | fozzywoppz the Gargoyle Fighter began the quest for the
                  | Orb.
     0 | D:1      | Reached XP level 1. HP: 14/14 MP: 1/1
   100 | D:1      | Reached XP level 2. HP: 19/19 MP: 2/2
   861 | D:2      | Reached XP level 3. HP: 24/24 MP: 3/3
  1118 | D:2      | Found a shadowy altar of Dithmenos.
  1153 | D:2      | Identified the +0 leather armour of Xeaceol {rElec Int+2
                  | Dex+3 Slay+2}
  1262 | D:2      | Reached XP level 4. HP: 29/29 MP: 4/4
  1465 | D:3      | Found a shimmering altar of Xom.
  1484 | D:3      | Identified the ring "Rezxoyh" {AC+4 Dex+5}
  1671 | D:3      | Noticed Natasha
  1695 | D:3      | Killed Natasha
  1696 | D:3      | Reached XP level 5. HP: 18/33 MP: 5/5
  1716 | D:3      | Noticed Natasha
  1728 | D:3      | Killed Natasha
  1729 | D:3      | Reached skill level 3 in Maces & Flails
  1792 | D:3      | Noticed Grinder
  1805 | D:3      | Killed Grinder
  1806 | D:3      | Reached skill level 5 in Fighting
  1806 | D:3      | Reached XP level 6. HP: 29/40 MP: 6/6
  1921 | D:3      | Reached skill level 5 in Armour
  2216 | D:4      | Noticed Fodor's ghost (amateur MiFi)
  2227 | D:4      | Found a transporter.
  2230 | D:4      | Found a transporter.
  2322 | D:4      | Noticed Edmund
  2339 | D:4      | Killed Edmund
  2340 | D:4      | Reached skill level 4 in Maces & Flails
  2340 | D:4      | Reached skill level 5 in Shields
  2340 | D:4      | Reached XP level 7. HP: 29/44 MP: 7/7
  2459 | D:4      | Found a staircase to the Ecumenical Temple.
  2482 | Temple   | Found a transporter.
  2482 | Temple   | Found a transporter.
  2482 | Temple   | Found a transporter.
  2482 | Temple   | Found a transporter.
  2482 | Temple   | Entered the Ecumenical Temple
  2744 | D:4      | Reached skill level 5 in Maces & Flails
  2801 | D:4      | Found a sacrificial altar of Ru.
  3073 | D:4      | Found a radiant altar of Vehumet.
  3073 | D:4      | Found a shadowy altar of Dithmenos.
  3081 | D:4      | Found a faded altar of an unknown god.
  3085 | D:4      | Found a faded altar of an unknown god.
  3086 | D:4      | Found an iron altar of Okawaru.
  3092 | D:4      | Became a worshipper of Warmaster Okawaru
  3299 | D:5      | Entered Level 5 of the Dungeon
  3427 | D:4      | Reached skill level 6 in Maces & Flails
  3534 | D:5      | Reached * piety under Okawaru
  3535 | D:5      | Reached XP level 8. HP: 24/49 MP: 8/8
  3742 | D:5      | Reached skill level 7 in Maces & Flails
  3798 | D:5      | Noticed Blork the orc
  3808 | D:5      | Killed Blork the orc
  3917 | D:5      | Reached skill level 8 in Maces & Flails
  4180 | D:6      | Found a glowing drain.
  4181 | D:6      | Noticed Menkaure
  4194 | D:6      | Killed Menkaure
  4194 | D:6      | Reached ** piety under Okawaru
  4195 | D:6      | Reached skill level 9 in Maces & Flails
  4229 | Sewer    | Entered a sewer
  4327 | Sewer    | Reached XP level 9. HP: 54/54 MP: 9/9
  4345 | Sewer    | Found a white marble altar of Elyvilon.
  4446 | D:6      | Reached skill level 10 in Maces & Flails
  4980 | D:6      | Found a glowing silver altar of Zin.
  5022 | D:7      | Reached skill level 11 in Maces & Flails
  5335 | D:7      | Reached *** piety under Okawaru
  5667 | D:7      | Reached skill level 12 in Maces & Flails
  5995 | D:7      | Found Soibitox's Weapon Shop.
  6064 | D:7      | Reached XP level 10. HP: 59/59 MP: 10/10
  6214 | D:7      | Reached skill level 13 in Maces & Flails
  6223 | D:7      | Reached **** piety under Okawaru
  6534 | D:8      | Noticed a moth of wrath
  6583 | D:8      | Reached skill level 14 in Maces & Flails
  6602 | D:8      | Reached ***** piety under Okawaru
  6603 | D:8      | Reached skill level 1 in Dodging
  6722 | D:8      | Noticed a two-headed ogre
  6725 | D:8      | Found a bloodstained altar of Trog.
  6731 | D:8      | Noticed ShaperDreaming's ghost (novice DjFE)
  6732 | D:8      | Found a transporter.
  6740 | D:8      | Found a transporter.
  6875 | D:8      | Found a staircase to the Lair.
  7020 | D:8      | Noticed a boulder beetle
  7038 | D:8      | Killed a boulder beetle
  7129 | D:9      | Found a stormy altar of Qazlal.
  7270 | D:9      | Reached XP level 11. HP: 59/64 MP: 11/11
  7429 | D:9      | Found a white marble altar of Elyvilon.
  7657 | D:8      | Received a gift from Okawaru
  7883 | D:9      | Found a shimmering blue altar of Sif Muna.
  7886 | D:9      | Found an ornate altar of the Wu Jian Council.
  8244 | D:10     | Entered Level 10 of the Dungeon
  8350 | D:10     | Noticed a sixfirhy
  8755 | D:10     | Upgraded the game from 0.31-a0-889-g1a8549509d to
                  | 0.31-a0-920-g28cbb04a8c
  8943 | D:10     | Found a glowing golden altar of the Shining One.
  9068 | D:10     | Noticed a boulder beetle
  9078 | D:10     | Killed a boulder beetle
  9078 | D:10     | Reached ****** piety under Okawaru
  9117 | D:10     | Noticed a cyclops
  9124 | D:10     | Killed a cyclops
  9236 | D:11     | Noticed a manticore
  9236 | D:11     | Noticed a centaur warrior
  9237 | D:11     | Noticed a manticore
  9469 | D:11     | Noticed a two-headed ogre
  9542 | Gauntlet | Identified the "Rifiuw"
  9542 | Lair:1   | Entered Level 1 of the Lair of Beasts
  9542 | Lair:1   | Noticed Grum
  9550 | D:8      | Received a gift from Okawaru
  9591 | Lair:1   | Killed Grum
  9603 | Lair:1   | Reached XP level 12. HP: 63/76 MP: 12/12
  9610 | Lair:1   | Reached skill level 1 in Invocations
  9676 | Lair:1   | Reached skill level 1 in Throwing
  9766 | Lair:1   | Noticed Sonja
  9802 | Lair:1   | Killed Sonja
  9851 | Lair:1   | Received a gift from Okawaru
  9970 | Lair:1   | Reached skill level 10 in Fighting
  9973 | Lair:1   | Reached skill level 10 in Armour
  9992 | Lair:1   | Noticed a boulder beetle
 10013 | Lair:1   | Killed a boulder beetle
 10872 | Lair:2   | Found a hole to the Spider Nest.
 10921 | Lair:2   | Reached skill level 5 in Invocations
 11068 | Lair:2   | Found a runed translucent gate.
 11068 | Lair:2   | Found a runed translucent gate.
 11068 | Lair:2   | Found a runed translucent gate.
 11127 | Lair:2   | Noticed Pattuawu's ghost (journeyman OpSh)
 11135 | Lair:2   | Noticed a catoblepas
 11207 | Lair:2   | Received a gift from Okawaru
 11260 | Lair:2   | Noticed a catoblepas
 11274 | Lair:2   | Killed a catoblepas
 11275 | Lair:2   | Reached XP level 13. HP: 51/84 MP: 17/17
 11551 | Lair:2   | Reached skill level 5 in Throwing
 11865 | Lair:3   | Reached skill level 1 in Stealth
 12059 | Lair:3   | Reached skill level 5 in Dodging
 12221 | Lair:3   | Received a gift from Okawaru
 12533 | Lair:3   | Found a staircase to the Shoals.
 12863 | Lair:3   | Acquired a +1 eveningstar of freezing
 12863 | Lair:3   | Received a gift from Okawaru
 13472 | Lair:4   | Received a gift from Okawaru
 13555 | Lair:4   | Reached skill level 5 in Stealth
 13951 | Lair:4   | Received a gift from Okawaru
 13952 | Lair:4   | Gained mutation: Your large and strong wings let you fly.
                  | [Gargoyle growth]
 13952 | Lair:4   | Reached XP level 14. HP: 75/92 MP: 20/20
 14280 | Lair:4   | Found a viscous altar of Jiyva.
 14281 | Lair:4   | Found a staircase to the Slime Pits.
 14678 | D:11     | Reached skill level 15 in Maces & Flails
 14950 | D:11     | Reached skill level 10 in Invocations
 15500 | D:12     | Found a gate leading to a gauntlet.
 15509 | Gauntlet | Entered a Gauntlet
 15509 | Gauntlet | Found a transporter.
 15509 | Gauntlet | Found a transporter.
 15520 | Gauntlet | Found a transporter.
 15533 | Gauntlet | Found a transporter.
 15550 | Gauntlet | Found a transporter.
 15550 | Gauntlet | Found a transporter.
 15553 | Gauntlet | Found a transporter.
 15553 | Gauntlet | Found a transporter.
 15555 | Gauntlet | Found a transporter.
 15575 | Gauntlet | Found a transporter.
 15579 | Gauntlet | Found a runed translucent door.
 15583 | Gauntlet | Found a transporter.
 15592 | Gauntlet | Found a transporter.
 15606 | Gauntlet | Found a transporter.
 15628 | Gauntlet | Found a transporter.
 15663 | Gauntlet | Upgraded the game from 0.31-a0-920-g28cbb04a8c to
                  | 0.31-a0-925-g0a390f2509
 15796 | Gauntlet | Identified the ring "Peppaw" {Drain AC+4 Int+4 Dex+2}
 15876 | Gauntlet | Identified the ring "Isaz" {rElec Dex+6}
 15886 | Gauntlet | Upgraded the game from 0.31-a0-925-g0a390f2509 to
                  | 0.31-a0-940-gdaa99269f9
 16042 | Gauntlet | Received a gift from Okawaru
 16397 | D:12     | Found a staircase to the Orcish Mines.
 16540 | D:12     | Identified the +1 robe of Somewhere Else {-Tele +Inv rC+++
                  | Dex-2}
 16878 | Orc:1    | Entered Level 1 of the Orcish Mines
 17197 | Lair:5   | Entered Level 5 of the Lair of Beasts
 17359 | Lair:4   | Received a gift from Okawaru
 17605 | Lair:5   | Reached skill level 16 in Maces & Flails
 17687 | Lair:5   | Reached XP level 15. HP: 96/99 MP: 23/23
 18051 | Lair:5   | Received a gift from Okawaru
 18949 | Lair:2   | Killed Pattuawu's ghost
 19145 | D:8      | Received a gift from Okawaru
 19152 | D:8      | Killed ShaperDreaming's ghost
 19510 | Orc:1    | Found Zownain's Antique Weapon Shop.
 19589 | Orc:1    | You are sucked into a shaft and drop 1 floor!
 19589 | Orc:2    | Entered Level 2 of the Orcish Mines
 19589 | Orc:2    | Found a staircase to the Elven Halls.
 19592 | Orc:2    | Noticed Nessos
 19597 | Orc:2    | Found Ropauqav's General Store.
 19600 | Orc:2    | Killed Nessos
 19621 | Orc:2    | Found Dakkan's Book Emporium.
 19722 | Orc:2    | Found Ceqan's Antique Armour Shoppe.
 19737 | Orc:2    | HP: 4/100 [ynoxinul/iron shot[an orc high priest] (24)]
 19920 | Orc:2    | Received a gift from Okawaru
 19953 | Orc:2    | Noticed an orc warlord
 20033 | Orc:2    | Found a dark tunnel.
 20048 | Volcano  | Entered a volcano
 20634 | Orc:2    | Found Quaneofi's Antique Weapon Shoppe.
 20856 | Orc:2    | Reached XP level 16. HP: 105/107 MP: 25/25
 20968 | Orc:2    | Received a gift from Okawaru
 21231 | Orc:2    | Bought 2 potions of heal wounds for 100 gold pieces
 21231 | Orc:2    | Bought a potion of resistance for 100 gold pieces
 21676 | D:13     | Found Hedgh's Assorted Antiques.
 21685 | D:13     | Bought a scroll of teleportation for 66 gold pieces
 21685 | D:13     | Bought a scroll labelled VEOKEI CIAVVUCK for 22 gold pieces
 21685 | D:13     | Bought a potion of haste for 220 gold pieces
 21685 | D:13     | Bought a scroll of teleportation for 66 gold pieces
 21813 | D:13     | Found a shadowy altar of Dithmenos.
 21883 | D:13     | Found a gate to the Vaults.
 22477 | Spider:1 | Entered Level 1 of the Spider Nest
 22490 | Spider:1 | Reached skill level 15 in Fighting
 23236 | Spider:1 | Received a gift from Okawaru
 23656 | Spider:2 | Noticed Arachne
 23683 | Spider:2 | Killed Arachne
 23955 | Spider:2 | Reached skill level 1 in Evocations
 24217 | Spider:2 | Identified the +4 orcbow of Taor {freeze, rF+ rC+ Dex+2}
 24309 | Spider:2 | You are sucked into a shaft and drop 1 floor!
 24525 | Spider:3 | HP: 2/108 [sun moth (13)]
 24526 | Spider:2 | Incinerated by a sun moth

Illustrated notes

Levels and vault maps discovered:
D:1:      dpeg_arrival_more_subterranean_lakeside_camping, layout_basic
D:2:      layout_basic, basic_altar, nicolae_grassy_gnolls
D:3:      layout_basic, mainiacjoe_overflow_paths, uniq_natasha, uniq_grinder
D:4:      layout_loops_corners, chequers_temple_overflow_minitemple,
          mainiacjoe_overflow_surrounded_room, minmay_temple_entry_ruins,
          gammafunk_ghost_arena, serial_bayou_pond_d, uniq_edmund
D:5:      layout_rooms, minmay_misc_feat_chi, uniq_blork_the_orc
D:6:      layout_cave_pools, lemuel_coloured_pillars_altar,
          portal_sewer_entry_a, kennysheep_generic_room_11, uniq_menkaure
D:7:      layout_gridville, serial_shops, kennysheep_mini_moat
D:8:      layout_cave_pools, erik_lair_island,
          gammafunk_ghost_wrathful_warriors, minmay_chambers_of_fives
D:9:      layout_big_octagon, elyvilon_altar_3,
          nicolae_qazlal_general_emergency, nicolae_overflow_squiral,
          nicolae_titane
D:10:     layout_rooms, marbit_many_paths, hangedman_decor_lopped,
          nzn_sisyphean_effort
D:11:     layout_rooms, minmay_radiant
D:12:     layout_grid_maze, hiddenorc1_lemuel, gauntlet_entry_generic
D:13:     layout_loops_ring, hellmonk_vaults_attempted_burglary, serial_shops,
          shop, minmay_misc_feat_more_columns, nicolae_dithmenos_the_darkroom
Temple:   hellmonk_temple_divided_pantheon
Lair:1:   layout_loops_ring, uniq_grum, uniq_sonja
Lair:2:   layout_small_grid, spider_nest_entry_web_field, gammafunk_ghost_split
Lair:3:   layout_small_grid, minmay_shoals_entry_hut
Lair:4:   layout_cave_pods, slime_entry_1
Lair:5:   minmay_lair_end_enchanted_forest, layout_misc_corridors, st_stairs_4,
          columned_hall_lemuel, grunt_megastairs_5
Spider:1: layout_spider_delve, hellmonk_test_site
Spider:2: layout_spider_delve, uniq_arachne
Spider:3: layout_spider_delve
Orc:1:    layout_diamond_mine, serial_shops, shop, mines5_lemuel
Orc:2:    grunt_orc_gardens, layout_caves, grunt_orc_garden, grunt_orc_garden,
          grunt_orc_garden, grunt_orc_garden, nicolae_volcano_entry_vermiform,
          uniq_nessos

Skill      XL: |  1  2  3  4  5  6  7  8  9 10 11 12 13 14 15 16 |
---------------+-------------------------------------------------+-----
Armour         | 4 5 6 9 10 12 13 | 13.0
Fighting       | 4 5 6 9 11 12 13 14 15 | 15.2
Shields        | 4 5 |  5.0
Maces & Flails | 3 4 6 9 12 14 16 | 16.0
Dodging        | 2 4 6 |  6.0
Invocations    | 5 9 11 12 | 12.0
Throwing       | 4 5 7 9 |  9.1
Stealth        | 5 8 |  8.1
Evocations     | 1 |  1.8

Action                     |  1- 3 |  4- 6 |  7- 9 | 10-12 | 13-15 | 16-18 || total
---------------------------+-------+-------+-------+-------+-------+-------++-------
  Melee: Flail             |    92 |   119 |   364 |   756 |   196 |       ||  1527
         Eveningstar       |       |       |       |       |  1067 |   296 ||  1363
  Throw: Dart              |       |       |       |     1 |     1 |       ||     2
         Javelin           |       |       |       |       |     5 |     3 ||     8
 Invoke: Finesse           |       |       |       |       |     7 |     1 ||     8
         Heroism           |       |       |       |       |     3 |     1 ||     4
         Receive Weapon    |       |       |       |       |     1 |       ||     1
  Evoke: Wand              |       |       |       |     5 |    14 |     3 ||    22
    Use: Scroll            |       |       |     8 |    21 |    15 |     3 ||    47
         Potion            |       |       |       |       |     4 |       ||     4
   Stab: Sleeping          |       |     1 |     1 |     1 |    10 |     9 ||    22
         Distracted        |       |       |       |       |     3 |     1 ||     4
         Invisible         |       |       |       |       |     3 |       ||     3
         Petrified         |       |       |       |       |     1 |       ||     1
 Armour: Scale mail        |    58 |       |       |       |       |       ||    58
         Leather armour    |     6 |    60 |   163 |   352 |   481 |   157 ||  1219
  Dodge: Dodged            |    57 |    40 |   120 |   332 |   740 |   183 ||  1472
  Block: Buckler           |    23 |    68 |   231 |   423 |   806 |   208 ||  1759
         Reflection        |       |     1 |     9 |    14 |    23 |     2 ||    49

Table legend: (Time is in decaauts)
 A = Elapsed time spent in this place.
 B = Non-inter-level travel time spent in this place.
 C = Inter-level travel time spent in this place.
 D = Time resting spent in this place.
 E = Time spent auto-exploring this place.
 F = Levels seen in this place.
 G = Mean time per level.
                   A        B        C        D        E       F      G
               +--------+--------+--------+--------+--------+-----+--------+
         Total |  24022 |  22287 |   1735 |   3015 |  11135 |  27 |  889.7 |
       Dungeon |  12315 |  11324 |    991 |   1407 |   5956 |  13 |  947.3 |
        Temple |     40 |     40 |      0 |      0 |      0 |   1 |   40.0 |
          Lair |   6725 |   6216 |    509 |    668 |   3214 |   5 | 1345.0 |
   Spider Nest |   1996 |   1900 |     96 |    277 |   1235 |   3 |  665.3 |
  Orcish Mines |   1685 |   1547 |    138 |    304 |    640 |   2 |  842.5 |
         Sewer |    184 |    184 |      0 |      0 |     82 |   1 |  184.0 |
       Volcano |    421 |    421 |      0 |    211 |      0 |   1 |  421.0 |
      Gauntlet |    652 |    652 |      0 |    148 |      8 |   1 |  652.0 |
               +--------+--------+--------+--------+--------+-----+--------+

Top non-repeatable levels by time:
  Lair:3: 1529 daAuts
     D:4: 1373 daAuts
  Lair:4: 1341 daAuts
  Lair:5: 1334 daAuts
  Lair:1: 1324 daAuts
     D:9: 1250 daAuts
     D:7: 1243 daAuts
    D:10: 1200 daAuts
  Lair:2: 1196 daAuts
     D:8: 1129 daAuts
    D:12: 1084 daAuts
Spider:2: 1048 daAuts
Spider:1: 922 daAuts
   Orc:2: 920 daAuts
     D:1: 843 daAuts
